 Dungeon Crawl Stone Soup version 0.31-a0-1008-g5b978dac0e (webtiles) character file.

Game seed: 15448699031450415194

13 night the Caller (level 2, -2/16 HPs)
             Began as a Tengu Summoner on Nov 12, 2023.
             Slain by an adder (4 damage)
             ... on level 2 of the Dungeon.
             The game lasted 00:01:50 (948 turns).

night the Caller (Tengu Summoner)                    Turns: 948, Time: 00:01:50

Health: -2/16      AC:  2    Str:  8    XL:     2   Next: 37%
Magic:  4/6        EV: 27    Int: 15    God:
Gold:   90         SH:  0    Dex: 14    Spells: 2/5 levels left

rFire   . . .        e - +0 flail
rCold   . . .        (no shield)
rNeg    . . .        a - +0 robe
rPois   .            (helmet restricted)
rElec   .            (no cloak)
rCorr   .            (no gloves)
SInv    .            (boots unavailable)
Will    .....        (no amulet)
Stlth   ++           (no ring)
HPRegen 0.22/turn    (no ring)
MPRegen 0.10/turn

%: acrobat
@: acrobatic
A: beak, talons 3, acrobatic
a: no special abilities


You were on level 2 of the Dungeon.
You visited 1 branch of the dungeon, and saw 2 of its levels.

You collected 90 gold pieces.

Inventory:

Hand Weapons
 e - a +0 flail (weapon)
Missiles
 c - 15 stones
 i - 9 poisoned darts
Armour
 a - a +0 robe (worn)
Scrolls
 d - a scroll of revelation {unknown}
 f - 3 scrolls of torment {unknown}
 h - a scroll of identify {unknown}
Potions
 b - a potion of magic
 g - 2 potions of curing {unknown}
 j - a potion of ambrosia {unknown}


   Skills:
 + Level 1.0 Fighting
 - Level 2.1 Dodging
 - Level 2.0 Stealth
 + Level 2.2 Spellcasting
 + Level 5.0 Summonings


You had 2 spell levels left.
You knew the following spells:

 Your Spells              Type           Power      Damage    Failure   Level
a - Summon Small Mammal   Summ           64%        N/A       2%          1
b - Call Imp              Summ           32%        N/A       4%          2

Your spell library contained the following spells:

 Spells                   Type           Power      Damage    Failure   Level
 Call Canine Familiar     Summ           16%        N/A       9%          3
 Summon Guardian Golem    Hex/Summ       9%         N/A       22%         3
 Ozocubu's Armour         Ice            1%         N/A       54%         3
 Summon Lightning Spire   Summ/Air       9%         N/A       58%         4
 Ozocubu's Refrigeration  Ice            0%         4d7       100%        7


Dungeon Overview and Level Annotations

Branches:
Dungeon (2/15)

Altars:


Innate Abilities, Weirdness & Mutations

You have a beak for a mouth.
You have claws for feet.
You can magically evade attacks while moving or waiting.


Message History

The adder is heavily wounded.
The adder closely misses you.
Your cerulean imp hits the adder but does no damage.
Your quokka misses the adder. The adder bites you but does no damage.
You barely miss the adder. Your kick misses the adder.
Your peck misses the adder.
The adder is heavily wounded.
Your quokka barely misses the adder.
The adder bites you.
You are poisoned.
The adder poisons you!
Your cerulean imp barely misses the adder.
The hobgoblin hits you.
Your quokka misses the adder. The adder closely misses you.
Your cerulean imp closely misses the adder.
The hobgoblin closely misses you.
You swap places.
You feel sick.
Your quokka closely misses the adder.
The adder bites you. The hobgoblin completely misses you.
Your cerulean imp closely misses the adder.
Found a ring mail.
You feel sick.
Your quokka misses the adder.
Your cerulean imp barely misses the adder.
You closely miss the adder. You claw the adder, but do no damage.
The adder is moderately wounded.
You feel sick. The adder bites you but does no damage.
Your quokka barely misses the adder.
Your quokka closely misses the adder.
Your cerulean imp hits the adder but does no damage.
The adder bites you. The hobgoblin closely misses you.
You hit the adder but do no damage. You claw the adder.
The adder is severely wounded.
You feel sick.
You are no longer poisoned.
The adder misses you.
Your quokka closely misses the adder.
Your cerulean imp misses the adder.
The hobgoblin hits you but does no damage.
The adder bites you.
* * * LOW HITPOINT WARNING * * *
Your quokka closely misses the adder.
Your cerulean imp completely misses the adder.
The hobgoblin attacks as it pursues you!
The hobgoblin completely misses you. The adder bites you.
You die...

#.............
#..........
#.<..#.#.##
##......... #
####.##.#.#.
#.##.......#.#
#.....r......#
###...5.S....#...
.......@g....# ..
.............#
##.##.....##...(
# ........#..##
#............#
#..........#.#
..........### #
...#[.....#


You could see an adder (ally target), a hobgoblin, a friendly cerulean imp
(summoned) and a friendly quokka (summoned).

Vanquished Creatures
  A ball python (D:1)
  2 bats (D:1)
3 creatures vanquished.

Vanquished Creatures (collateral kills)
  A bat (D:1)
  3 endoplasms (D:1)
  A goblin (D:1)
  2 kobolds (D:1)
7 creatures vanquished.

Grand Total: 10 creatures vanquished

Notes
Turn   | Place    | Note
-------+----------+-------------------------------------------
     0 | D:1      | night the Tengu Summoner began the quest for the Orb.
     0 | D:1      | Reached XP level 1. HP: 10/10 MP: 4/4
   579 | D:1      | Reached skill level 5 in Summonings
   645 | D:1      | Reached XP level 2. HP: 16/16 MP: 3/6
   648 | D:1      | Learned a level 2 spell: Call Imp
   817 | D:1      | Reached skill level 1 in Fighting
   947 | D:2      | HP: 2/16 [adder (3)]
   948 | D:2      | Slain by an adder

Illustrated notes

Levels and vault maps discovered:
D:1:      dpeg_arrival_arbitrary_a, layout_loops_ring,
          chequers_serial_rivers_micro_c
D:2:      layout_rooms, shapermc_ecumenical_altar_hornbeckon,
          kennysheep_generic_room_15

Skill      XL: |  1  2 |
---------------+-------+-----
Summonings     | 5 |  5.0
Fighting       | 1 |  1.0
Dodging        | |  2.1
Stealth        | |  2.0
Spellcasting   | |  2.2

Action                     || total
---------------------------++-------
  Melee: Flail             ||    16
         Kick              ||     5
         Peck              ||     1
   Cast: Summon Small Mamm ||    16
         Call Imp          ||     2
   Stab: Sleeping          ||     1
 Armour: Robe              ||    19
  Dodge: Dodged            ||    26

Table legend: (Time is in decaauts)
 A = Elapsed time spent in this place.
 B = Non-inter-level travel time spent in this place.
 C = Inter-level travel time spent in this place.
 D = Time resting spent in this place.
 E = Time spent auto-exploring this place.
 F = Levels seen in this place.
 G = Mean time per level.
                   A        B        C        D        E       F      G
               +--------+--------+--------+--------+--------+-----+--------+
         Total |    953 |    913 |     40 |      0 |    750 |   2 |  476.5 |
       Dungeon |    953 |    913 |     40 |      0 |    750 |   2 |  476.5 |
               +--------+--------+--------+--------+--------+-----+--------+

Top non-repeatable levels by time:
     D:1: 934 daAuts
     D:2: 18 daAuts
